 Dungeon Crawl Stone Soup version 0.31-a0-175-g9f7f995f2b (webtiles) character file.

Game seed: 10529572561790669193

315 qw the Chopper (level 6, 0/37 HPs)
             Began as a Gargoyle Fighter on June 17, 2023.
             Slain by a gnoll
             ... wielding a +0 spear
             ... led by a gnoll bouda
              (2 damage)
             ... on level 5 of the Dungeon.
             The game lasted 00:01:06 (3212 turns).

qw the Chopper (Gargoyle Fighter)                   Turns: 3212, Time: 00:01:06

Health: 0/37       AC: 14    Str: 21    XL:     6   Next: 44%
Magic:  6/6        EV:  7    Int:  9    God:
Gold:   63         SH:  4    Dex:  9    Spells: 5/5 levels left

rFire   + . .        Y - +0 war axe
rCold   + . .        c - +0 buckler
rNeg    + . .        e - +0 chain mail
rPois   inf          (no helmet)
rElec   +            (no cloak)
rCorr   +            (no gloves)
SInv    .            i - +0 pair of boots
Will    .....        (no amulet) Stlth
                     (no ring)
HPRegen 0.26/turn    (no ring)
MPRegen 0.10/turn

%: no passive effects
@: about to teleport, resistant
A: sickness immunity, AC +4, negative energy resistance 1, electricity
resistance, torment resistance 1, petrification resistance
a: no special abilities


You were on level 5 of the Dungeon.
You visited 1 branch of the dungeon, and saw 5 of its levels.

You collected 240 gold pieces.
You spent 177 gold pieces at shops.


Innate Abilities, Weirdness & Mutations

You are immune to sickness and miasma.
Your stone body is resilient. (AC +4)
You are immune to poison.
You resist negative energy. (rN+)
You are resistant to electric shocks. (rElec)
You are resistant to unholy torment.
You are immune to petrification.


   Skills:
 - Level 3.2 Fighting
 + Level 4.5 Axes
 - Level 3.6 Throwing
 - Level 3.2 Armour
 - Level 3.2 Shields


You had 5 spell levels left.
You didn't know any spells.
Your spell library was empty.

Inventory:

Hand Weapons
 a - a +0 flail
 Y - a +0 war axe (weapon)
Missiles
 o - 2 silver javelins (quivered)
Armour
 c - a +0 buckler (worn)
 e - a +0 chain mail (worn)
 i - a +0 pair of boots (worn)
Scrolls
 b - 3 scrolls of identify
 f - a scroll of teleportation
Potions
 d - a potion of might
 g - a potion of cancellation
 h - 4 potions of mutation
 j - a potion of curing
 m - 2 potions of lignification
 n - a potion of resistance

Dungeon Overview and Level Annotations

Branches:
Dungeon (5/15)
 Temple: D:4-7

Altars:
Fedhas
Xom

Shops:
D:3 [?*!(


Message History

A sleepcap comes into view.
The gnoll hits you with a +0 spear.
You slash the gnoll!
The gnoll is heavily wounded.
You closely miss the gnoll. x2
You block the gnoll's attack. The gnoll hits you but does no damage.
The orc priest invokes the aid of Beogh against you.
Beogh smites you! The gnoll hits you but does no damage.
You block the gnoll's attack.
You barely miss the gnoll.
The gnoll is heavily wounded.
You barely miss the gnoll. x2; You hit the gnoll bouda.
The gnoll barely misses you. The gnoll hits you with a +0 spear.
The gnoll hits you but does no damage. The gnoll bouda barely misses you.
You hit the gnoll.
The gnoll is severely wounded.
You hit the gnoll. You closely miss the gnoll bouda.
You hit the gnoll but do no damage. The gnoll hits you but does no damage.
The gnoll hits you with a +0 flail. The gnoll hits you but does no damage.
The gnoll bouda hits you with a +0 whip.
You slash the gnoll!
You kill the gnoll!
You closely miss the gnoll. You hit the gnoll but do no damage.
You hit the gnoll bouda. The gnoll hits you with a +0 flail.
You block the gnoll's attack. You block the gnoll bouda's attack.
An orc comes into view. It is wielding a +0 dagger.
The gnoll hits you with a +0 flail! The gnoll hits you with a +0 spear.
The gnoll bouda calls upon its god to heal the gnoll.
The gnoll's wounds heal themselves!
The orc moves out of view.
You hear a shout!
3212 ||| READING 2 scrolls of teleportation.
As you read the scroll of teleportation, it crumbles to dust.
You feel strangely unstable. The gnoll hits you but does no damage.
The gnoll bouda barks out a call to the hunt!
The gnoll picks up the pace!
The gnoll hits you with a +0 spear.
You die...

#.# ###.# #....
#.#.# ###.#.###
#.......
#.#.#.#######
.###....<.$.....
......g@)....#..
.###.#g#g##..<..
# #W#.# #...
f...# .. ......
. .......
......... ......
###


You could see a phantom, a sleepcap, a gnoll bouda and 2 gnolls.

Vanquished Creatures
  Sigmund (D:3)
  A crimson imp (D:3)
  Jessica (D:2)
  An adder (D:3)
  2 gnolls (D:5)
  2 dart slugs (D:4)
  2 orcs
  7 bats
  3 endoplasms
  4 giant cockroaches
  4 goblins
  7 hobgoblins
  7 jackals
  7 kobolds
  3 quokkas
  5 ball pythons
  3 frilled lizards
  A rat (D:2)
61 creatures vanquished.

Notes
Turn   | Place    | Note
-------+----------+-------------------------------------------
     0 | D:1      | qw the Gargoyle Fighter began the quest for the Orb.
     0 | D:1      | Reached XP level 1. HP: 14/14 MP: 1/1
     0 | D:1      | 0 ||| qw: Version: 0.3-a-2-g5ab2908
     0 | D:1      | 0 ||| qw: Game counter: 106
     0 | D:1      | 0 ||| qw: Always use a shield: true
     0 | D:1      | 0 ||| qw: God list: Okawaru
     0 | D:1      | 0 ||| qw: Allow faded altars: false
     0 | D:1      | 0 ||| qw: Do Orc after D:15 true
     0 | D:1      | 0 ||| qw: Do second Lair branch before Depths: true
     0 | D:1      | 0 ||| qw: Lair rune preference: random
     0 | D:1      | 0 ||| qw: Plans: Normal, Zot:1-4, Slime:5, God:TSO, Crypt,
                  | Tomb, Abyss, Pan, Hells, Win
     0 | D:1      | 0 ||| PLANNING D:1-11
    81 | D:1      | Reached skill level 2 in Axes
   544 | D:1      | Reached XP level 2. HP: 19/19 MP: 2/2
   561 | D:1      | 561 ||| Stepping ~*~*~tactically~*~*~ (stealth).
   589 | D:1      | 589 ||| DROPPING +0 club.
  1032 | D:1      | 1032 ||| READING scroll labelled NAPROU XYWKITHRIJ.
  1069 | D:1      | Found a blossoming altar of Fedhas.
  1102 | D:2      | 1102 ||| Stepping ~*~*~tactically~*~*~ (stealth).
  1204 | D:2      | 1204 ||| Stepping ~*~*~tactically~*~*~ (stealth).
  1208 | D:2      | 1208 ||| Stepping ~*~*~tactically~*~*~ (stealth).
  1209 | D:2      | 1209 ||| Stepping ~*~*~tactically~*~*~ (stealth).
  1239 | D:2      | Noticed Jessica
  1247 | D:2      | 1247 ||| Stepping ~*~*~tactically~*~*~ (hiding).
  1250 | D:2      | Killed Jessica
  1251 | D:2      | Reached skill level 3 in Axes
  1251 | D:2      | Reached XP level 3. HP: 11/23 MP: 3/3
  1765 | D:2      | 1765 ||| UPGRADING to +0 chain mail.
  1775 | D:2      | 1775 ||| DROPPING +0 scale mail.
  1776 | D:2      | 1776 ||| READING scroll labelled PERITS ESAXZI.
  1777 | D:2      | 1777 ||| READING scroll labelled UPISYFO ABLAF.
  1851 | D:3      | Reached XP level 4. HP: 25/28 MP: 4/4
  2038 | D:3      | Found Rucweac's General Store.
  2041 | D:3      | Identified the +3 long sword "Jusi Gei" {heavy, Fly rC-
                  | Will+ Dex+5}
  2053 | D:3      | Noticed Sigmund
  2054 | D:3      | 2054 ||| Stepping ~*~*~tactically~*~*~ (hiding).
  2074 | D:3      | Killed Sigmund
  2075 | D:3      | Reached skill level 3 in Throwing
  2075 | D:3      | Reached XP level 5. HP: 32/32 MP: 5/5
  2075 | D:3      | Reached XP level 6. HP: 37/37 MP: 6/6
  2094 | D:3      | 2094 ||| BUYING potion of lignification (33 gold).
  2094 | D:3      | Bought a potion of lignification for 33 gold pieces
  2094 | D:3      | 2094 ||| BUYING potion of mutation (88 gold).
  2094 | D:3      | Bought a potion of mutation for 88 gold pieces
  2123 | D:3      | Found Kenwecoi's Armour Shop.
  2131 | D:3      | 2131 ||| SHOPLISTING +0 helmet (58 gold, have 29).
  2131 | D:3      | 2131 ||| SHOPLISTING +1 chain mail of positive energy (175
                  | gold, have 29).
  2131 | D:3      | 2131 ||| SHOPLISTING +3 chain mail of Altruism {rPois
                  | rCorr} (471 gold, have 29).
  2131 | D:3      | 2131 ||| SHOPLISTING -1 pair of boots of Agoraphobia {rCorr
                  | Str+7 Dex-5} (211 gold, have 29).
  2155 | D:3      | 2155 ||| DROPPING +0 whip.
  2219 | D:3      | Found Samenux's Magic Scroll Emporium.
  2230 | D:3      | 2230 ||| SHOPLISTING scroll of acquirement (728 gold, have
                  | 60).
  2230 | D:3      | 2230 ||| SHOPLISTING scroll of enchant armour (105 gold,
                  | have 60).
  2230 | D:3      | 2230 ||| SHOPLISTING scroll of enchant weapon (105 gold,
                  | have 60).
  2230 | D:3      | 2230 ||| BUYING scroll of identify (28 gold).
  2230 | D:3      | Bought a scroll of identify for 28 gold pieces
  2230 | D:3      | 2230 ||| BUYING scroll of identify (28 gold).
  2230 | D:3      | Bought a scroll of identify for 28 gold pieces
  2230 | D:3      | 2230 ||| SHOPLISTING scroll of teleportation (42 gold, have
                  | 4).
  2357 | D:3      | Found Coutyrghu's Distillery.
  2365 | D:3      | 2365 ||| SHOPLISTING 2 potions of haste (280 gold, have 4).
  2365 | D:3      | 2365 ||| SHOPLISTING 2 potions of magic (224 gold, have 4).
  2365 | D:3      | 2365 ||| SHOPLISTING potion of curing (42 gold, have 4).
  2365 | D:3      | 2365 ||| SHOPLISTING potion of might (56 gold, have 4).
  2376 | D:3      | Found a shimmering altar of Xom.
  2386 | D:3      | Reached skill level 4 in Axes
  2420 | D:3      | Found Gago's Weapon Emporium.
  2452 | D:3      | 2452 ||| UPGRADING to +0 pair of boots.
  2457 | D:3      | 2457 ||| READING 5 scrolls of identify.
  2457 | D:3      | 2457 ||| IDENTIFYING clear potion
  2458 | D:3      | 2458 ||| READING 4 scrolls of identify.
  2458 | D:3      | 2458 ||| IDENTIFYING fizzy brown potion
  2459 | D:3      | 2459 ||| READING 3 scrolls of identify.
  2459 | D:3      | 2459 ||| IDENTIFYING glowing purple potion
  2460 | D:3      | 2460 ||| DROPPING potion of invisibility.
  2631 | D:4      | 2631 ||| Stepping ~*~*~tactically~*~*~ (stealth).
  2632 | D:4      | 2632 ||| Stepping ~*~*~tactically~*~*~ (stealth).
  2633 | D:4      | 2633 ||| Stepping ~*~*~tactically~*~*~ (stealth).
  2638 | D:4      | 2638 ||| Stepping ~*~*~tactically~*~*~ (stealth).
  2682 | D:4      | 2682 ||| Stepping ~*~*~tactically~*~*~ (hiding).
  2811 | D:4      | 2811 ||| Stepping ~*~*~tactically~*~*~ (stealth).
  2814 | D:4      | 2814 ||| Stepping ~*~*~tactically~*~*~ (stealth).
  3081 | D:4      | 3081 ||| READING scroll labelled EHUNTU DOMA.
  3082 | D:4      | 3082 ||| READING scroll labelled PICRE AKLO.
  3183 | D:4      | 3183 ||| READING scroll labelled JYCIAM SAMESHRE.
  3184 | D:4      | 3184 ||| DRINKING 2 cyan potions.
  3202 | D:5      | Entered Level 5 of the Dungeon
  3202 | D:5      | Noticed a black bear
  3211 | D:5      | HP: 6/37 [gnoll/+0 flail[a gnoll bouda] (11)]
  3211 | D:5      | HP: 2/37 [gnoll/+0 spear[a gnoll bouda] (4)]
  3212 | D:5      | 3212 ||| READING 2 scrolls of teleportation.
  3212 | D:5      | Slain by a gnoll

Levels and vault maps discovered:
D:1:      dpeg_arrival_lava_altar, layout_basic, minivault_26, minmay_distorted
D:2:      layout_loops_ring, uniq_jessica
D:3:      layout_basic, led_xom_imps, serial_shops, shop, shop,
          nicolae_shop_tiny_waterfront,
          nicolae_shop_competitors_out_of_business, nicolae_shop_waterfront,
          minmay_door_square, serial_park_tiny_2, uniq_sigmund
D:4:      layout_rooms, kennysheep_generic_room_11
D:5:      layout_loops_ring, mainiacjoe_overflow_alcove_2, uniq_duvessa,
          uniq_crazy_yiuf_cottage

Skill      XL: |  1  2  3  4  5  6 |
---------------+-------------------+-----
Axes           | 2 3 4 |  4.5
Throwing       | 3 |  3.6
Fighting       | |  3.2
Armour         | |  3.2
Shields        | |  3.2

Action                     |  1- 3 |  4- 6 || total
---------------------------+-------+-------++-------
  Melee: War axe           |    53 |    83 ||   136
  Throw: Javelin           |    23 |    21 ||    44
    Use: Scroll            |     3 |     7 ||    10
         Potion            |       |     1 ||     1
 Armour: Scale mail        |    18 |       ||    18
         Chain mail        |     4 |    62 ||    66
  Dodge: Dodged            |    23 |    37 ||    60
  Block: Buckler           |     7 |    19 ||    26

Table legend:
 A = Non-vault XP
 B = Vault XP
 C = Vault XP percentage of total XP
 D = Non-vault monster count
 E = Vault monster count
 F = Vault count percentage of total count
                 A         B        C        D         E       F
            +---------+---------+-------+---------+---------+-------
      Total |     135 |     316 |  70.1 |      53 |       8 |  13.1
            +---------+---------+-------+---------+---------+-------
        D:1 |      15 |       4 |  21.1 |       8 |       3 |  27.3
        D:2 |      16 |      37 |  69.8 |      10 |       1 |   9.1
        D:3 |      42 |     271 |  86.6 |      17 |       2 |  10.5
        D:4 |      34 |       4 |  10.5 |      16 |       2 |  11.1
        D:5 |      28 |       0 |   0.0 |       2 |       0 |   0.0
            +---------+---------+-------+---------+---------+-------
